 Dungeon Crawl Stone Soup version 0.27.1-33-g824d729ab1 (webtiles) character file.

Game seed: 7565165715878621294

63 SensoryNuts the Skirmisher (level 3, -1/29 HPs)
             Began as a Demonspawn Fighter on Dec 10, 2021.
             Was a Follower of Jiyva.
             Succumbed to an adder's poison
             ... on level 3 of the Dungeon.
             The game lasted 00:01:55 (1879 turns).

SensoryNuts the Skirmisher (Demonspawn Fighter)     Turns: 1879, Time: 00:01:56

Health: -1/29      AC:  6    Str: 17    XL:     3   Next: 89%
Magic:  3/3        EV:  7    Int:  9    God:    Jiyva [*.....]
Gold:   51         SH:  9    Dex: 12    Spells: 2/2 levels left

rFire    . . .     SeeInvis .   a - +0 long sword
rCold    . . .     Faith    .   c - +0 kite shield
rNeg     . . .     Spirit   .   b - +0 scale mail
rPois    .         Reflect  .   (no helmet)
rElec    .         Harm     .   (no cloak)
rCorr    .         Rampage  .   (no gloves)
Will     .....                  (no boots)
Stlth    ..........             (no amulet)
HPRegen  0.09/turn              (no ring)
MPRegen  0.08/turn              (no ring)

@: mighty, lethally poisoned (-1 -> -16)
A: claws 1
a: Renounce Religion, Request Jelly


You were on level 3 of the Dungeon.
You worshipped Jiyva.
Jiyva was aware of your devotion.
You visited 1 branch of the dungeon, and saw 3 of its levels.

You collected 51 gold pieces.

Inventory:

Hand Weapons
 a - a +0 long sword (weapon)
Armour
 b - a +0 scale mail (worn)
 c - a +0 kite shield (worn)
Jewellery
 i - an amulet of regeneration
Scrolls
 g - a scroll of fog {unknown}
 h - 2 scrolls of amnesia {unknown}
 j - 4 scrolls of identify {unknown}
 k - a scroll of vulnerability {unknown}
Potions
 e - a potion of haste {unknown}
 f - a potion of mutation {unknown}
 l - a potion of brilliance {unknown}


   Skills:
 + Level 3.4 Fighting
 + Level 2.7 Long Blades
 + Level 3.1 Armour
 + Level 0.1 Dodging
 + Level 3.1 Shields


You had 2 spell levels left.
You didn't know any spells.
Your spell library was empty.

Dungeon Overview and Level Annotations

Branches:
Dungeon (3/15)

Altars:
Jiyva

Shops:
D:1 :


Innate Abilities, Weirdness & Mutations

You have sharp fingernails.


Message History

A goblin is nearby!
An adder comes into view.
Found 22 gold pieces.
The adder hisses angrily.
You barely miss the goblin. The goblin hits you with a +0 club.
The goblin barely misses you.
You riposte.
You hit the goblin.
You kill the goblin!
You see here a +0 club.
You barely miss the adder. You block the adder's attack. x2
You closely miss the adder. You block the adder's attack. The adder bites you.
You miss the adder. The adder bites you.
The adder bites you but does no damage.
You barely miss the adder. The adder bites you.
You are poisoned.
The adder poisons you! You block the adder's attack.
You closely miss the adder.
You feel sick. The adder bites you.
You are more poisoned.
The adder poisons you! The adder bites you.
You are more poisoned.
The adder poisons you!
You miss the adder.
You feel very sick. The adder bites you but does no damage.
You block the adder's attack.
You closely miss the adder.
You feel very sick. The adder bites you.
* * * LOW HITPOINT WARNING * * *
The adder bites you.
* * * LOW HITPOINT WARNING * * *
You are more poisoned.
The adder poisons you!
You feel very mighty all of a sudden.
* * * LOW HITPOINT WARNING * * *
You feel very sick. The adder bites you.
* * * LOW HITPOINT WARNING * * *
You are more poisoned.
The adder poisons you!
You closely miss the adder.
You die...

.....# #####+......
..... ........... .....
###+##........# #.
.............. #.
.$..........# ######.
............######......
............##..†....###
......S@....##.##.##.##.
.$..........##+##'##..'.
............#.......###.
............#..<....# #.
....................# #.
.......(............# #.
############)#....### #.
#.#....# ## #......#


You could see an adder.

Vanquished Creatures
  3 adders
  A worm (D:2)
  2 dart slugs (D:2)
  3 ball pythons
  3 bats
  4 endoplasms
  4 goblins
  3 hobgoblins
  A frilled lizard (D:2)
  2 kobolds (D:1)
  4 rats (D:1)
30 creatures vanquished.

Vanquished Creatures (others)
  An endoplasm (D:3)
  A kobold (D:3)
2 creatures vanquished.

Grand Total: 32 creatures vanquished

Notes
Turn   | Place    | Note
-------+----------+-------------------------------------------
     0 | D:1      | SensoryNuts the Demonspawn Fighter began the quest for the
                  | Orb.
     0 | D:1      | Reached XP level 1. HP: 18/18 MP: 1/1
   230 | D:1      | Gained mutation: You have sharp fingernails. [demonic
                  | ancestry]
   230 | D:1      | Reached XP level 2. HP: 24/24 MP: 2/2
   236 | D:1      | Found Kuip's Book Emporium.
   973 | D:2      | Reached XP level 3. HP: 28/29 MP: 3/3
  1677 | D:2      | Found a faded altar of an unknown god.
  1683 | D:2      | Became a worshipper of Jiyva Joklol the Shapeless
  1683 | D:2      | Reached * piety under Jiyva
  1879 | D:3      | Succumbed to an adder's poison

Illustrated notes

Levels and vault maps discovered:
D:1:      minmay_arrival_stair_chambers, layout_loops_ring, serial_shops,
          nicolae_shop_stone
D:2:      layout_loops_ring, shapermc_ecumenical_altar_mp_vishouse
D:3:      wander_river, layout_basic, nicolae_ru_great_annihilating_truth,
          ebering_ghost_gozag, st_stairs_1, hangedman_decor_growths

Skill      XL: |  1  2 |
---------------+-------+-----
Long Blades    | 2 |  2.7
Armour         | 3 |  3.1
Shields        | 3 |  3.1
Fighting       | |  3.4
Dodging        | |  0.1

Action                   || total
-------------------------++-------
Melee: Long sword        ||    96
  Use: Potion            ||     1
Armor: Scale mail        ||    40
Dodge: Dodged            ||    26
Block: Kite shield       ||    52
       Rpst.: Long sword ||    10
